 Dungeon Crawl Stone Soup version 0.17-a0-186-g8d083fd (webtiles) character file.

65 HAL9000 the Changer (level 3, 0/28 HPs)
             Began as a Draconian Transmuter on Mar 26, 2015.
             Slain by an orc priest (3 damage)
             ... on level 2 of the Dungeon.
             The game lasted 00:05:38 (2502 turns).

HAL9000 the Changer (Draconian Transmuter)          Turns: 2502, Time: 00:05:38

Health: 0/28       AC:  5    Str: 12    XL:     3   Next: 92%
Magic:  1/6        EV: 12    Int: 14    God:
Gold:   139        SH:  0    Dex: 11    Spells: 3 memorised, 1 level left

rFire  . . .     SeeInvis .       - Unarmed
rCold  . . .     Clarity  .     (armour unavailable)
rNeg   . . .     SustAb   .     (no shield)
rPois  .         Gourm    .     (helmet restricted)
rElec  .         Spirit   .     (no cloak)
rCorr  .         Warding  .     (no gloves)
rMut   .         Stasis   .     (no boots)
MR     .....                    (no amulet)
Stlth  +.........               (no ring)
                                (no ring)

@: very slightly contaminated, not resistant to hostile enchantments, very
unstealthy
A: unfitting armour, mutation resistance 1, cold-blooded, AC +5
a: no special abilities


You were on level 2 of the Dungeon.
You were very hungry.

You visited 1 branch of the dungeon, and saw 3 of its levels.

You collected 139 gold pieces.

Inventory:

Missiles
 b - 33 arrows
Scrolls
 f - a scroll of remove curse
 g - 2 scrolls of teleportation
Potions
 e - a potion of mutation
 i - a potion of cure mutation
Books
 d - a book of Changes

   Spells                             Type                      Level
   a - Beastly Appendage              Transmutation                1
   b - Sticks to Snakes               Transmutation                2
   c - Spider Form                    Transmutation/Poison         3
   d - Ice Form                       Ice/Transmutation            4
   e - Blade Hands                    Transmutation                5
Comestibles
 a - 2 bread rations


   Skills:
 - Level 1.1 Fighting
 - Level 1.7 Dodging
 + Level 3.0 Unarmed Combat
 + Level 2.7 Spellcasting
 * Level 3.6 Transmutations


You had one spell level left.
You knew the following spells:

 Your Spells              Type           Power        Failure   Level  Hunger
a - Beastly Appendage     Trmt           ##....       6%          1    #......
b - Sticks to Snakes      Trmt           ##........   10%         2    ###....
c - Spider Form           Trmt/Pois      #.........   30%         3    ###....


Dungeon Overview and Level Annotations

Branches:
Dungeon (3/15)

Altars:
Fedhas
Qazlal

Annotations:
D:3 Natasha


Innate Abilities, Weirdness & Mutations

Your plain brown scales are hard (AC +5).
Your body does not fit into most forms of armour.
You are cold-blooded and may be slowed by cold attacks.
You are somewhat resistant to further mutation.


Message History

There is a stone staircase leading up here.
The orc priest closely misses you.
You climb upwards.
There is a stone staircase leading down here.
Unknown command.
You hit the orc priest.
The orc priest is lightly wounded.
The orc priest mumbles some strange prayers to Beogh against you.
Something smites you!
* * * LOW HITPOINT WARNING * * *
Drink which item? (? for menu, Esc to quit)
It was a potion of beneficial mutation.
You feel genetically stable.
You feel fantastic!
Your transformation has ended.
The orc priest closely misses you.
You hit the orc priest but do no damage.
The orc priest is lightly wounded.
The orc priest hits you.
You die...

###.####.#
#.# #.# #.#
#.# #.# #.#
#.# #.# #.#
#.# #.####@#
#.# #......#
#.# #####..#
#.#
#..########o#
#...^.....@.#
#..##########
#...#
#######.#.#
........#.#
#######.#.#
#######.#.#
....)†..#.#
#.........#


You could see an orc priest.

Vanquished Creatures
  Terence (D:2)
  2 adders
  2 giant geckos (D:2)
  An orc (D:2)
  6 bats
  A giant cockroach (D:2)
  3 goblins (D:1)
  6 hobgoblins
  3 giant newts (D:1)
  4 kobolds
  2 rats
31 creatures vanquished.

Vanquished Creatures (collateral kills)
  A worm (D:3)
1 creature vanquished.

Grand Total: 32 creatures vanquished

Notes
Turn   | Place    | Note
--------------------------------------------------------------
     0 | D:1      | HAL9000, the Draconian Transmuter, began the quest for the Orb.
     0 | D:1      | Reached XP level 1. HP: 16/16 MP: 3/3
   185 | D:1      | Reached XP level 2. HP: 17/23 MP: 1/4
   634 | D:1      | Learned a level 2 spell: Sticks to Snakes
  1037 | D:2      | Reached XP level 3. HP: 17/28 MP: 3/6
  1618 | D:2      | Noticed Terence
  1718 | D:1      | Learned a level 3 spell: Spider Form
  1737 | D:2      | Killed Terence
  1898 | D:3      | Noticed a sky beast
  2044 | D:3      | Noticed Natasha
  2317 | D:3      | Found a stormy altar of Qazlal.
  2339 | D:3      | Found a blossoming altar of Fedhas.
  2501 | D:2      | Gained mutation: You are somewhat resistant to further mutation. [potion of beneficial mutation]
  2502 | D:2      | Slain by an orc priest

Action                   || total
-------------------------++-------
Melee: Unarmed           ||   142
 Cast: Beastly Appendage ||    21
       Sticks to Snakes  ||     3
       Spider Form       ||     2
 Abil: End Transformatio ||     1
  Use: Scroll            ||    11
       Potion            ||     1
  Eat: Chunk             ||     5
